 Dungeon Crawl Stone Soup version 0.24.0-35-gdb84b6a5db (webtiles) character file.

Game seed: 15505038102536497021, levelgen mode: deterministic

63 night the Ruffian (level 4, 0/25 HPs)
             Began as a Gargoyle Transmuter on Nov 17, 2019.
             Slain by an ogre
             ... wielding a cursed -1 giant club
              (18 damage)
             ... on level 2 of the Dungeon.
             The game lasted 00:04:48 (1715 turns).

night the Ruffian (Gargoyle Transmuter)             Turns: 1715, Time: 00:04:49

Health: 0/25       AC:  6    Str: 15    XL:     4   Next: 9%
Magic:  7/7        EV: 12    Int: 13    God:
Gold:   67         SH:  0    Dex: 10    Spells: 4/7 levels left

rFire    . . .     SeeInvis .     - Unarmed
rCold    . . .     Gourm    .   (no shield)
rNeg     + . .     Faith    .   b - +0 robe
rPois    ∞         Spirit   .   (no helmet)
rElec    +         Reflect  .   l - +0 cloak
rCorr    .         Harm     .   (no gloves)
MR       +....                  (no boots)
Stlth    +.........             (no amulet)
HPRegen  0.08/turn              i - ring of protection from magic
MPRegen  0.10/turn              (no ring)

@: appendage (expiring)
A: horns 2, negative energy resistance 1, electricity resistance, unbreathing,
petrification resistance, rot immunity, AC +3
a: End Transformation


You were on level 2 of the Dungeon.
You were not hungry.
You had grown temporary horns.
You visited 1 branch of the dungeon, and saw 2 of its levels.

You collected 67 gold pieces.

Inventory:

Missiles
 a - 15 arrows
Armour
 b - a +0 robe (worn)
 c - a +0 ring mail
 l - a +0 cloak (worn)
Jewellery
 i - a ring of protection from magic (left hand)
 j - a +4 ring of intelligence {unknown}
Scrolls
 f - 2 scrolls of identify {unknown}
 h - a scroll of enchant armour {unknown}
 k - a scroll of enchant weapon {unknown}
 m - 2 scrolls of teleportation {unknown}
 o - a scroll of remove curse {unknown}
Potions
 e - 2 potions of lignification {unknown}
 g - a potion of haste {unknown}
 n - a potion of degeneration {unknown}
Comestibles
 d - 5 rations


   Skills:
 - Level 1.1 Fighting
 - Level 1.5 Dodging
 + Level 4.0 Unarmed Combat
 - Level 2.0 Spellcasting
 + Level 2.7 Transmutations


You had 4 spell levels left.
You knew the following spells:

 Your Spells              Type           Power        Failure   Level  Hunger
a - Beastly Appendage     Tmut           #.....       9%          1    ##.....
b - Sticks to Snakes      Tmut           #.......     13%         2    ###....

Your spell library contained the following spells:

 Spells                   Type           Power        Failure   Level  Hunger
 Spider Form              Tmut/Pois      #.........   41%         3    ####...
 Ice Form                 Ice/Tmut       #.......     82%         4    #####..
 Blade Hands              Tmut           #.........   93%         5    ######.


Dungeon Overview and Level Annotations

Branches:
Dungeon (2/15)

Altars:


Innate Abilities, Weirdness & Mutations

You are resistant to torment.
Your stone body is resilient. (AC +3)
You are immune to poison.
You resist negative energy. (rN+)
You are resistant to electric shocks. (rElec)
You can survive without breathing.
You are immune to petrification.
You are immune to rotting.
You have a pair of horns on your head.


Message History

The gnoll is severely wounded.
The gnoll completely misses you.
You hit the gnoll.
You kill the gnoll!
Your Unarmed Combat skill increases to level 4!
You have reached level 4!
You feel stronger.
You hit the ogre but do no damage.
You headbutt the ogre, but do no damage.
The ogre hits you with a cursed -1 giant club.
The gnoll barely misses you.
You barely miss the ogre. You headbutt the ogre.
The ogre is lightly wounded.
The ogre barely misses you.
You barely miss the ogre.
You headbutt the ogre, but do no damage.
The ogre is lightly wounded.
The ogre hits you with a cursed -1 giant club!!
Ouch! That really hurt!
You die...

##......<.....#..#
##.###########.#.#
...# #.#.## ..(#
#....## ####
##.#.#.###
#........#
##.#.#.#..
##...##>. ##@##
#O# #.....gg.
#.......##
#.......##.
#.....[...
#.......#
#.......##
########.........


You could see an ogre and 2 gnolls.

Vanquished Creatures
  2 gnolls (D:2)
  An adder (D:2)
  A dart slug (D:1)
  3 leopard geckos
  A ball python (D:2)
  5 goblins
  6 hobgoblins
  A bat (D:2)
  3 frilled lizards
  2 kobolds (D:1)
  7 rats
32 creatures vanquished.

Notes
Turn   | Place    | Note
-------+----------+-------------------------------------------
     0 | D:1      | night the Gargoyle Transmuter began the quest for the Orb.
     0 | D:1      | Reached XP level 1. HP: 12/12 MP: 3/3
   136 | D:1      | Reached XP level 2. HP: 16/16 MP: 5/5
   269 | D:1      | Learned a level 2 spell: Sticks to Snakes
   717 | D:2      | Reached XP level 3. HP: 14/20 MP: 6/6
   844 | D:2      | Noticed an ogre
  1712 | D:2      | Reached skill level 4 in Unarmed Combat
  1712 | D:2      | Reached XP level 4. HP: 22/25 MP: 7/7
  1715 | D:2      | Slain by an ogre

Levels and vault maps discovered:
D:1:      dpeg_arrival_prison, layout_basic
D:2:      layout_loops_ring, first_ration

Skill      XL: |  1  2  3 |
---------------+----------+-----
Transmutations | 2 |  2.7
Unarmed Combat | 4 |  4.0
Fighting       | |  1.1
Dodging        | |  1.5
Spellcasting   | |  2.0

Action                   |  1- 3 |  4- 6 || total
-------------------------+-------+-------++-------
Melee: Unarmed           |   116 |     3 ||   119
       Punch             |     1 |       ||     1
       Headbutt          |     5 |     3 ||     8
       Kick              |     2 |       ||     2
 Cast: Beastly Appendage |     8 |       ||     8
       Sticks to Snakes  |     5 |       ||     5
 Stab: Sleeping          |     1 |       ||     1
  Eat: Chunk             |     3 |       ||     3
Armor: Robe              |    32 |       ||    32
Dodge: Dodged            |    69 |     2 ||    71
